 Seeded DCSS version 0.28-a0-653-g7e9dba17c3 (webtiles) character file.

Game seed: 20211012 (custom seed)

2559 a11behringer the Basher (level 9, -6/71 HPs)
             Began as a Palentonga Fighter on Oct 12, 2021.
             Was a Believer of Okawaru.
             Mangled by a yak (11 damage)
             ... on level 7 of the Dungeon.
             The game lasted 00:29:07 (8133 turns).

a11behringer the Basher (Palentonga Fighter)        Turns: 8133, Time: 00:29:08

Health: -6/71      AC: 30    Str: 22    XL:     9   Next: 31%
Magic:  10/10      EV:  1    Int:  9    God:    Okawaru [**....]
Gold:   155        SH: 10    Dex: 10    Spells: 8/8 levels left

rFire   + . .      SeeInvis +   q - +2 mace (protect)
rCold   + . .      Faith    .   n - +1 buckler {AC+3}
rNeg    . . .      Spirit   .   v - +1 gold dragon scales
rPois   +          Reflect  +   (no helmet)
rElec   .          Harm     .   (no cloak)
rCorr   .          Rampage  .   w - +0 pair of gloves
Will    +....                   (no barding)
Stlth   ..........              y - amulet of reflection
HPRegen 0.21/turn               e - ring of willpower
MPRegen 0.12/turn               (no ring)

@: under a protective aura, curled up
A: large, rugged brown scales 3, see invisible, deformed body, roll 1, armoured
tail, reflexive curl
a: Rolling Charge, Renounce Religion, Heroism


You were on level 7 of the Dungeon.
You worshipped Okawaru.
Okawaru was pleased with you.
You visited 2 branches of the dungeon, and saw 8 of its levels.
You also visited: Sewer.

You collected 375 gold pieces.
You spent 220 gold pieces at shops.

Inventory:

Hand Weapons
 a - a +1 flail
 i - a +0 hand crossbow
 k - a +0 hunting sling
 q - a +2 mace of protection (weapon)
Missiles
 h - 25 sling bullets
 o - a throwing net
Armour
 b - a +0 scale mail
 c - a +0 buckler
 j - a +1 chain mail
 n - a +1 buckler of protection (worn)
 s - a +2 buckler
 t - a +0 plate armour
 v - +1 gold dragon scales (worn)
 w - a +0 pair of gloves (worn)
Jewellery
 e - a ring of willpower (left hand)
 y - an amulet of reflection (around neck)
Wands
 g - a wand of polymorph (9)
 x - a wand of flame (14)
 B - a wand of acid (9)
Scrolls
 f - 7 scrolls of identify
 m - a scroll of enchant weapon
 r - a scroll of vulnerability {unknown}
 C - a scroll of magic mapping
Potions
 d - a potion of might
 l - 4 potions of curing
 p - a potion of attraction
 u - 2 potions of flight {unknown}
 z - a potion of ambrosia {unknown}
 A - a potion of mutation {unknown}


   Skills:
 + Level 4.8 Fighting
 * Level 10.2 Maces & Flails
 + Level 4.6 Armour
 + Level 1.1 Dodging
 + Level 4.3 Shields
 + Level 1.4 Invocations


You had 8 spell levels left.
You didn't know any spells.
Your spell library contained the following spells:

 Spells                   Type           Power      Damage    Failure   Level
 Foxfire                  Conj/Fire      0%         2x1d4     100%        1
 Magic Dart               Conj           0%         1d3       100%        1
 Ensorcelled Hibernation  Hex/Ice        0%         N/A       100%        2
 Searing Ray              Conj           0%         2d4       100%        2
 Slow                     Hex            0%         N/A       100%        2
 Confusing Touch          Hex            0%         N/A       100%        3
 Conjure Flame            Conj/Fire      0%         6-21      100%        3
 Dazzling Flash           Conj/Hex       0%         N/A       100%        3
 Inner Flame              Hex/Fire       0%         N/A       100%        3
 Vampiric Draining        Necr           0%         2d6       100%        3
 Flame Wave               Conj/Fire      0%         3d3       100%        4
 Fulminant Prism          Conj/Hex       0%         3d6       100%        4
 Iskenderun's Mystic Bla  Conj/Tloc      0%         2d3       100%        4
 Blade Hands              Tmut           0%         N/A       100%        5
 Iron Shot                Conj/Erth      0%         9d1       100%        6
 Starburst                Conj/Fire      0%         6d3       100%        6
 Summon Small Mammal      Summ           Unusable   N/A       N/A         1
 Call Canine Familiar     Summ           Unusable   N/A       N/A         3
 Summon Guardian Golem    Hex/Summ       Unusable   N/A       N/A         3
 Tukima's Dance           Hex            Unusable   N/A       N/A         3
 Animate Armour           Summ/Erth      Unusable   N/A       N/A         4

Dungeon Overview and Level Annotations

Branches:
Dungeon (7/15)             Temple (1/1) D:5           Sewer (visited)

Altars:
Ashenzari
Cheibriados
Dithmenos
Elyvilon
Fedhas
Gozag
Hepliaklqana
Kikubaaqudgha
Makhleb
Nemelex Xobeh
Okawaru
Qazlal
Ru
Sif Muna
Trog
Uskayaw
Vehumet
Wu Jian
Xom
Yredelemnul
Zin
The Shining One

Shops:
D:1 =   D:3 *


Innate Abilities, Weirdness & Mutations

You are completely covered in rugged brown scales. (AC +3, +7% HP)
You have supernaturally acute eyesight. (SInv)
Armour fits poorly on your strangely shaped body.
You can roll at nearby foes to attack.
You have a long armoured tail.
You curl defensively after being hit.


Message History

You hit the yak but do no damage.
Your tail-slap misses the yak.
The yak is lightly wounded.
The yak gores you but does no damage. You block the yak's attack.
The yak gores you but does no damage.
You barely miss the yak.
The yak is lightly wounded.
You block the yak's attack. The yak gores you.
The yak gores you but does no damage.
You thump the yak!
The yak is heavily wounded.
The yak gores you! You block the yak's attack.
The yak gores you but does no damage.
You hit the yak.
Your tail-slap misses the yak.
The yak is heavily wounded.
The yak gores you but does no damage. x2; The yak gores you.
* * * LOW HITPOINT WARNING * * *
Your gold dragon scales prevents you from hitting the yak.
You tail-slap the yak, but do no damage.
The yak is heavily wounded.
You block the yak's attack. The yak gores you but does no damage.
The yak gores you.
* * * LOW HITPOINT WARNING * * *
You hit the yak.
The yak is severely wounded.
The yak gores you!
* * * LOW HITPOINT WARNING * * *
The yak gores you but does no damage. The yak barely misses you.
You hit the yak but do no damage.
The yak is severely wounded.
The yak gores you but does no damage.
You hit the yak. You tail-slap the yak!
The yak is moderately wounded.
You block the yak's attack.
You hit the yak but do no damage. You tail-slap the yak.
The yak is moderately wounded.
The yak gores you but does no damage. x3
You hit the yak.
The yak is heavily wounded.
The yak gores you!
You die...

###... ## #....... ....
## #.#.?#.# ...# ≈≈#
#.#..#.### #..##
#####........ .... #
...........# #..##.#
...........# #YY..
..#.###.#..# #YY#
....##.....#####@Y##.##
..#.###.#..#..........#
..#.###.#..##......##.#
........#..##)##...#
........(..........#
.##.##..#..##.##..##
.##..[........##..#
###.##............# #
#.........#####.#


You could see 5 yaks.

Vanquished Creatures
  Prince Ribbit (D:7)
  A yak (D:7)
  Eustachio (D:6)
  A water moccasin (D:5)
  A necrophage (D:7)
  An orc warrior (D:6)
  A black bear (D:5)
  A centaur (D:7)
  2 ogres (D:5)
  A phantom (D:4)
  2 kobold brigands (D:6)
  4 bullfrogs
  A wyvern zombie (D:6)
  2 scorpions (D:5)
  A howler monkey (D:6)
  A bullfrog zombie (D:5)
  A hound (D:4)
  2 jellies (D:5)
  A bullfrog skeleton (D:6)
  3 centaur skeletons
  Natasha (thrice) (D:3)
  5 iguanas
  2 orc wizards (D:6)
  Terence (D:3)
  A mummy (D:5)
  4 gnolls (D:5)
  A river rat (D:5)
  3 adders
  An ufetubus (D:4)
  A worm (D:2)
  6 dart slugs
  18 orcs
  7 bats
  14 endoplasms
  10 giant cockroaches (Sewer)
  6 goblins
  12 hobgoblins
  11 jackals
  14 quokkas
  15 ball pythons
  6 frilled lizards
  18 kobolds
  2 orc zombies (D:5)
  2 rats
192 creatures vanquished.

Vanquished Creatures (others)
  A kobold (D:6)
1 creature vanquished.

Grand Total: 193 creatures vanquished

Notes
Turn   | Place    | Note
-------+----------+-------------------------------------------
     0 | D:1      | a11behringer the Palentonga Fighter began the quest for the
                  | Orb.
     0 | D:1      | Reached XP level 1. HP: 19/19 MP: 1/1
   199 | D:1      | Reached XP level 2. HP: 23/25 MP: 2/2
   505 | D:1      | Found Kodiass's Jewellery Shop.
   949 | D:2      | Reached XP level 3. HP: 31/31 MP: 3/3
  1212 | D:2      | Reached skill level 3 in Maces & Flails
  2203 | D:3      | Reached XP level 4. HP: 34/37 MP: 4/4
  2261 | D:3      | Noticed Natasha
  2268 | D:3      | Killed Natasha
  2295 | D:3      | Noticed Natasha
  2303 | D:3      | Killed Natasha
  2304 | D:3      | Reached skill level 4 in Maces & Flails
  2304 | D:3      | Reached XP level 5. HP: 36/43 MP: 5/5
  2359 | D:3      | Noticed Terence
  2378 | D:3      | Killed Terence
  2490 | D:3      | Noticed Natasha
  2503 | D:3      | Killed Natasha
  2974 | D:3      | Found Voj Lick's Assorted Antiques.
  2986 | D:3      | Bought a runed buckler for 157 gold pieces
  3033 | D:3      | Found a stormy altar of Qazlal.
  3452 | D:4      | Reached skill level 5 in Maces & Flails
  3452 | D:4      | Reached XP level 6. HP: 45/50 MP: 6/6
  3995 | D:3      | Bought a scroll labelled VAKHITENOB for 21 gold pieces
  3995 | D:3      | Bought a scroll labelled VESHRE COUWK for 21 gold pieces
  3995 | D:3      | Bought a scroll labelled EHIDDO YBBI for 21 gold pieces
  4241 | D:5      | Entered Level 5 of the Dungeon
  4320 | D:5      | Found a glowing drain.
  4342 | Sewer    | Entered a sewer
  4533 | Sewer    | Reached skill level 6 in Maces & Flails
  4649 | Sewer    | Gained mutation: You curl defensively after being hit.
                  | [Palentonga growth]
  4649 | Sewer    | Reached XP level 7. HP: 53/56 MP: 7/7
  5139 | D:5      | Reached skill level 7 in Maces & Flails
  5139 | D:5      | Reached skill level 1 in Dodging
  5467 | D:5      | Reached XP level 8. HP: 64/64 MP: 8/8
  5676 | D:5      | Found a staircase to the Ecumenical Temple.
  5737 | Temple   | Entered the Ecumenical Temple
  6003 | Temple   | Became a worshipper of Warmaster Okawaru
  6283 | D:5      | Reached skill level 8 in Maces & Flails
  6634 | D:6      | Reached * piety under Okawaru
  6715 | D:6      | Reached skill level 9 in Maces & Flails
  6938 | D:6      | Noticed Eustachio
  7008 | D:6      | Killed Eustachio
  7870 | D:7      | Reached XP level 9. HP: 60/70 MP: 9/9
  7895 | D:7      | Noticed Prince Ribbit
  7913 | D:7      | Reached skill level 1 in Invocations
  7923 | D:7      | Killed Prince Ribbit
  7923 | D:7      | Reached ** piety under Okawaru
  7924 | D:7      | Reached skill level 10 in Maces & Flails
  8133 | D:7      | Mangled by a yak

Illustrated notes

Levels and vault maps discovered:
D:1:      psy_arrival_terrarium, layout_loops_ring, serial_shops, shop,
          minmay_small_reverse_x
D:2:      layout_basic
D:3:      layout_rooms, grunt_qazlal_clouds, serial_shops, shop, hex_medium,
          uniq_natasha, uniq_terence
D:4:      layout_rooms
D:5:      kb_forest_paths, layout_basic, minmay_temple_entry_enclosed_plants,
          portal_sewer_entry_a, nicolae_ossuary_entry_giza
D:6:      layout_loops_corners, glass_columns_b, uniq_eustachio
D:7:      layout_basic, gammafunk_ghost_necromancy, serial_aquarium,
          aquarium_bridge_square [aquarium_subvault_window,
          aquarium_subvault_balcony, aquarium_subvault_wall,
          aquarium_subvault_bridge], aquarium_window_1, aquarium_window_2,
          aquarium_window_2, aquarium_window_corridor_1, aquarium_view_2d,
          hangedman_glass_garden, uniq_prince_ribbit1
Temple:   roderic_octagonal_lattice_temple

Skill      XL: |  1  2  3  4  5  6  7  8  9 |
---------------+----------------------------+-----
Maces & Flails | 3 4 5 6 7 9 10 | 10.2
Armour         | 3 4 |  4.6
Shields        | 3 4 |  4.3
Dodging        | 1 |  1.1
Fighting       | 4 |  4.8
Invocations    | 1 |  1.4

Action                   |  1- 3 |  4- 6 |  7- 9 || total
-------------------------+-------+-------+-------++-------
Melee: Flail             |   123 |   173 |       ||   296
       Tailslap          |    16 |    22 |    44 ||    82
       Mace              |       |    91 |   316 ||   407
Invok: Heroism           |       |       |     3 ||     3
 Abil: Rolling Charge    |     1 |     1 |     2 ||     4
  Use: Scroll            |       |     6 |     3 ||     9
       Potion            |       |     1 |     2 ||     3
Armor: Scale mail        |    99 |       |       ||    99
       Chain mail        |       |   171 |    68 ||   239
       Gold dragon scale |       |       |   168 ||   168
Dodge: Dodged            |    76 |    66 |    46 ||   188
Block: Buckler           |    27 |    69 |   126 ||   222
       Reflection        |       |       |     8 ||     8

Table legend: (Time is in decaauts)
 A = Elapsed time spent in this place.
 B = Non-inter-level travel time spent in this place.
 C = Inter-level travel time spent in this place.
 D = Time resting spent in this place.
 E = Time spent auto-exploring this place.
 F = Levels seen in this place.
 G = Mean time per level.
                   A        B        C        D        E       F      G
               +--------+--------+--------+--------+--------+-----+--------+
         Total |   8263 |   7214 |   1049 |      0 |   5664 |   9 |  918.1 |
       Dungeon |   7174 |   6145 |   1029 |      0 |   4964 |   7 | 1024.9 |
        Temple |    287 |    267 |     20 |      0 |    243 |   1 |  287.0 |
         Sewer |    801 |    801 |      0 |      0 |    456 |   1 |  801.0 |
               +--------+--------+--------+--------+--------+-----+--------+

Top non-repeatable levels by time:
     D:6: 1369 daAuts
     D:3: 1355 daAuts
     D:2: 1302 daAuts
     D:5: 1229 daAuts
     D:1: 1015 daAuts
   Sewer: 801 daAuts
     D:4: 636 daAuts
  Temple: 287 daAuts
     D:7: 265 daAuts
